[Event "German Bundesliga 2023-24"]
[Site "Germany"]
[Date "2024.03.16"]
[Round "12.12"]
[White "Bromberger, Stefan"]
[Black "Vrolijk, Liam"]
[Result "0-1"]
[ECO "C45"]
[WhiteElo "2476"]
[BlackElo "2569"]
[Annotator "TA"]
[PlyCount "44"]
[EventDate "2023.10.20"]
[EventType "team-tourn"]
[EventCountry "GER"]
[SourceTitle "playchess.com"]
[Source "ChessBase"]
[SourceQuality "1"]
[TimeControl "40/6000+30:3000+30"]

1. e4 e5 2. Nf3 Nc6 3. d4 exd4 4. Nxd4 Qf6 5. Nb5 Bc5 6. Qe2 Bb6 7. N1c3 Nge7 8. Nd5 Nxd5 9. exd5+ Kd8 $1 {[%emt 0:15:39] aiming for ...Re8.} 10. h4 {[%emt 0:06:43] [#] Black is slightly better.} (10. dxc6 $2 Re8 11. Be3 Qxb2 $17) 10... h6 {[%emt 0:07:52] Prevents Bg5. White must now prevent ...Re8.} 11. c3 (11. dxc6 $2 Re8 12. Be3 Qxb2 $19 (12... bxc6 $2 13. Nc3 $18)) 11... Re8 12. Be3 Bxe3 13. fxe3 a6 $1 14. Nxc7 (14. Nd4 $15 Nxd4 15. cxd4) 14... Kxc7 $17 15. dxc6 dxc6 16. Qf2 Qe5 $36 {[%emt 0:04:35][%mdl 2048] Hoping for ...Bg4. Black has strong initiative. Black is much more active.} 17. Qxf7+ $2 {[%emt 0:04:54][%mdl 8192] This costs White the game.} (17. Bc4 $17) 17... Re7 $19 18. Qf3 {[%emt 0:00:20] [#]} Bg4 $1 19. Qxg4 {[%emt 0:00:29] Strongly threatening Rh3.} Qxe3+ 20. Kd1 $2 (20. Be2 Rf8 (20... Rae8 $2 21. Kf1 $19) 21. Rf1) 20... Qf2 (20... Qe1+ 21. Kc2 Qxa1 22. Qf4+ Kd7 23. g3 Qxa2 24. Bh3+ Ke8 25. Rf1 $16) 21. Bd3 Rd8 $2 (21... Qxb2 $2 {too greedy.} 22. Qf4+ Kb6 23. Rb1 $18) (21... Rae8 {( -> ...Re1+)} 22. Kc1 Re1+ 23. Qd1 Rxh1 (23... Rxd1+ $2 24. Rxd1 Kb6 25. Rb1 $19) 24. Qxh1 Re1+ 25. Qxe1 Qxe1+ 26. Kc2 Qxa1) 22. Qf3 Qxb2 {[%emt 0:04:46] Weighted Error Value: White=0.58/Black=0.27 (precise) .  Loses game:     	White=1     	---        Mistake:       	White=2     	---        OK:         	White=5     	Black=5      Best:        	---       	Black=2      Strong:       	---       	Black=2      Brilliant:      	---       	Black=1} 0-1

[Event "German Bundesliga 2023-24"]
[Site "Germany"]
[Date "2024.03.16"]
[Round "12.12"]
[White "Schulze, Torben"]
[Black "Zilka, Stepan"]
[Result "1/2-1/2"]
[ECO "B31"]
[WhiteElo "2325"]
[BlackElo "2599"]
[Annotator "TA"]
[PlyCount "69"]
[EventDate "2023.10.20"]
[EventType "team-tourn"]
[EventCountry "GER"]
[SourceTitle "playchess.com"]
[Source "ChessBase"]
[SourceQuality "1"]
[TimeControl "40/6000+30:3000+30"]

1. e4 c5 2. Nf3 Nc6 3. Bb5 g6 4. O-O Bg7 5. c3 Nf6 6. Re1 O-O 7. d4 cxd4 8. cxd4 d5 9. e5 Ne4 10. Be3 Qb6 11. Bxc6 Qxc6 12. Nfd2 Nxd2 13. Qxd2 Be6 14. Nc3 Rac8 15. Rac1 Qd7 16. Bh6 Bxh6 17. Qxh6 Rc4 18. Qd2 Rfc8 19. b3 R4c6 20. Ne2 Qd8 21. Rxc6 Rxc6 22. Rc1 Rxc1+ 23. Nxc1 $11 {[%emt 0:00:36][%mdl 4096] Endgame. KQB-KQN} Bf5 24. f3 Qb6 25. g4 Bd7 26. Ne2 Bb5 {[%emt 0:00:38] [#] Strongly threatening ...Bxe2.} 27. Nf4 Qc6 28. Ng2 b6 29. Ne3 a5 30. Qc2 (30. a4 $5 Ba6 $8 31. Kf2 $11) 30... Qxc2 31. Nxc2 f6 32. exf6 exf6 {[%emt 0:00:10] The position is equal.} 33. Ne3 Bc6 34. f4 g5 35. f5 {[%emt 0:04:43] Weighted Error Value: White=0.06 (flawless) /Black=0.07 (flawless) .  Inaccurate:     	---       	Black=1      OK:         	White=11    	Black=9} 1/2-1/2

[Event "German Bundesliga 2023-24"]
[Site "Germany"]
[Date "2024.03.16"]
[Round "12.13"]
[White "Dautov, Rustem"]
[Black "Pubantz, Jan"]
[Result "1-0"]
[ECO "D12"]
[WhiteElo "2584"]
[BlackElo "2299"]
[Annotator "TA"]
[PlyCount "87"]
[EventDate "2023.10.20"]
[EventType "team-tourn"]
[EventCountry "GER"]
[SourceTitle "playchess.com"]
[Source "ChessBase"]
[SourceQuality "1"]
[TimeControl "40/6000+30:3000+30"]

1. d4 d5 2. c4 c6 3. Nf3 Nf6 4. e3 Bf5 5. Nc3 e6 6. Nh4 Be4 7. f3 Bg6 8. Nxg6 hxg6 9. Qb3 Qc7 {[%emt 0:00:32] The position is equal.} 10. Bd2 Be7 11. O-O-O dxc4 12. Qxc4 a5 13. e4 a4 14. e5 Nfd7 15. Ne4 a3 {[%emt 0:09:11] aiming for ...axb2+.} 16. b3 Na6 17. Kb1 Rd8 18. Qc1 b5 19. h4 Kf8 (19... Nb6 $14) 20. Be2 Kg8 21. g4 Nf8 22. Be3 Nb4 (22... Qd7 $16 23. Bg5 Bxg5 24. Nxg5 Nb4) 23. Bxb5 $18 (23. Qxa3 $6 Nd5 24. Qc1 Ra8 $14) 23... Nd5 24. Bc4 (24. Bxc6 $2 Nxe3 (24... Rxh4 $2 25. Bxd5 Qxc1+ 26. Rxc1 $18) 25. Qxe3 Qxc6 $19) ({Better is} 24. Be2 $18) 24... Nxe3 $16 25. Qxe3 Nd7 26. f4 {[%emt 0:05:07] White is more active.} Nb6 27. Be2 Nd5 28. Qf3 Rb8 (28... f5 $16 29. Nc3 fxg4) 29. h5 $1 $18 gxh5 30. gxh5 Rh6 {[%emt 0:00:55] [#]} 31. f5 $1 {[%emt 0:01:41][%cal Of5f6] f6! would now be deadly.} exf5 {[%emt 0:00:45] [#]} 32. Ng3 (32. Qxf5 Ne3 33. Qf4 Nxd1 34. Rxd1 Rf8 $14) 32... Qa5 33. Nxf5 {[%emt 0:01:13][%cal Oe2c4] Bc4! is the strong threat.} Nc3+ $2 (33... Qc3 34. Qxc3 (34. Nxh6+ gxh6 35. Qxc3 Nxc3+ 36. Ka1 Nxe2 $19) (34. Nxe7+ Kh8 $18) 34... Nxc3+ 35. Kc2 Nxe2) 34. Ka1 $2 (34. Kc2 Nd5 35. Bc4 (35. Nxh6+ gxh6 36. Rhg1+ Bg5 $18)) 34... Nxd1 35. Nxh6+ (35. Nxe7+ $6 Kf8 36. Ng6+ (36. Nxc6 Qd2) 36... Kg8 37. Rxd1 (37. Bxd1 Qd2) 37... fxg6 $18) 35... gxh6 36. Rxd1 (36. Bxd1 Qd2 37. Rg1+ Kh8) 36... Bg5 {[%emt 0:00:58] Black is weak on the light squares} 37. Bc4 $36 {[%emt 0:00:53][%mdl 2048] White is really pushing.} Rb7 38. Kb1 {[%emt 0:00:58][%cal Oe5e6] Threatens to win with e6!} (38. Qxc6 $2 {leads to mate.} Qc3+ 39. Kb1 Qb2#) 38... Qb6 $2 (38... Kg7 39. Kc2 (39. Qxc6 $2 {too greedy.} Qc3 $19) 39... Rc7) 39. Qe4 (39. e6 $142 fxe6 40. Rf1 (40. Bxe6+ Kg7 $18)) 39... Kg7 (39... Qb4) 40. e6 Qb4 {[%emt 0:00:32] [#]} 41. exf7 $1 {[%emt 0:51:41] White mates.} Qd6 42. Qe8 Rb8 43. Qg8+ Kf6 44. Rf1+ {[%emt 0:00:00] Weighted Error Value: White=0.32/Black=0.48.  Mistake:       	White=3     	Black=6      Inaccurate:     	White=2     	Black=3      OK:         	White=14    	Black=9      Best:        	White=1     	Black=2} 1-0

[Event "German Bundesliga 2023-24"]
[Site "Germany"]
[Date "2024.03.16"]
[Round "12.13"]
[White "Polak, Tomas"]
[Black "Meshkovs, Nikita"]
[Result "1/2-1/2"]
[ECO "D37"]
[WhiteElo "2518"]
[BlackElo "2526"]
[Annotator "TA"]
[PlyCount "42"]
[EventDate "2023.10.20"]
[EventType "team-tourn"]
[EventCountry "GER"]
[SourceTitle "playchess.com"]
[Source "ChessBase"]
[SourceQuality "1"]
[TimeControl "40/6000+30:3000+30"]

1. d4 Nf6 2. c4 e6 3. Nf3 d5 4. Nc3 a6 5. c5 Nc6 6. Bg5 Be7 7. e3 h6 8. Bh4 O-O 9. Bd3 b6 10. cxb6 cxb6 11. Rc1 Bb7 12. O-O $1 Nd7 13. Bg3 b5 14. Nd2 Rc8 15. a4 b4 16. Ne2 Qb6 17. Nb3 Na5 18. Nxa5 Qxa5 19. b3 Nf6 20. f3 Nh5 21. Bf2 Bd6 {[%emt 0:00:50] Weighted Error Value: White=0.04 (flawless) /Black=0.05 (flawless) .  OK:         	White=8     	Black=6      Strong:       	White=1     	---} 1/2-1/2

[Event "German Bundesliga 2023-24"]
[Site "Germany"]
[Date "2024.03.16"]
[Round "12.13"]
[White "Beerdsen, Thomas"]
[Black "Kindermann, Stefan"]
[Result "0-1"]
[ECO "C00"]
[WhiteElo "2496"]
[BlackElo "2444"]
[Annotator "TA"]
[PlyCount "74"]
[EventDate "2023.10.20"]
[EventType "team-tourn"]
[EventCountry "GER"]
[SourceTitle "playchess.com"]
[Source "ChessBase"]
[SourceQuality "1"]
[TimeControl "40/6000+30:3000+30"]

1. e4 e6 2. Nf3 d5 3. e5 c5 4. b4 cxb4 5. a3 Nc6 6. axb4 Bxb4 7. c3 Bf8 8. d4 Bd7 9. Bd3 h6 10. h4 {[%emt 0:10:04] Die Stellung ist ausgeglichen.} Nge7 11. Na3 a6 12. h5 Na5 13. g4 Qc7 14. Nb1 Nc4 15. Nbd2 b5 16. Rg1 Nb6 17. g5 (17. Qc2 $17) 17... Qxc3 $19 18. Ra3 Qc7 19. Ra2 hxg5 20. Nxg5 Nf5 21. Ndf3 Rxh5 22. Rc2 (22. Kf1 {kämpft weiter.}) 22... Nc4 23. Nxf7 Kxf7 24. Ng5+ {[%emt 0:00:27] [#]} Rxg5 $1 25. Bxg5 {[%emt 0:01:54] Qh5+ ist eine echte Drohung.} Bb4+ (25... Nxd4 26. Qh5+ Kg8 27. Qh7+ Kf7 28. Bg6#) 26. Kf1 Rh8 {[%emt 0:00:13] Lässt Qh5+ nicht zu} ({Lieber nicht} 26... Nxd4 27. Qh5+ Kf8 28. Bg6) 27. Qg4 Rh7 28. Re2 Kg8 29. Bf4 Qc8 30. Qg6 Qf8 31. f3 Qf7 {[%emt 0:00:47] [#] Zielt auf ...Qxg6 ab.} 32. Reg2 Qxg6 33. Rxg6 Nxd4 34. Rf6 Rh3 35. Bh6 Bf8 ({Schlechter ist} 35... Rxf3+ 36. Rxf3 Nxf3 37. Rxg7+ Kf8 38. Rxd7+ Ke8 39. Ra7 $11) ({Nicht} 35... Nxe5 36. Rxg7+ Kh8 37. Rh7+ Kg8 38. Rg7+ Kh8 39. Rh7+ Kg8 40. Rg7+ $11) 36. Rfg6 Rxf3+ 37. Ke1 Bb4+ {[%emt 0:01:23] Weiß schien mit der Eröffnung nicht zurechtzukommen.   Gewichteter Fehlerwert: Weiß=0.49/Schwarz=0.28 (präzise) .  Fehler:       	Weiß=2     	---        Ungenau:       	Weiß=6     	Schwarz=2     OK:         	Weiß=6     	Schwarz=9     Bester:       	Weiß=1     	Schwarz=1     Brilliant:      	---       	Schwarz=1} 0-1

[Event "German Bundesliga 2023-24"]
[Site "Germany"]
[Date "2024.03.16"]
[Round "12.14"]
[White "Thybo, Jesper Sondergaard"]
[Black "Kraus, Tomas"]
[Result "1/2-1/2"]
[ECO "E17"]
[WhiteElo "2522"]
[BlackElo "2491"]
[Annotator "TA"]
[PlyCount "79"]
[EventDate "2023.10.20"]
[EventType "team-tourn"]
[EventCountry "GER"]
[SourceTitle "playchess.com"]
[Source "ChessBase"]
[SourceQuality "1"]
[TimeControl "40/6000+30:3000+30"]

1. d4 d5 2. Nf3 e6 3. g3 b6 4. Bg2 Bb7 5. O-O Nd7 6. b3 c5 7. Bb2 Ngf6 8. Nbd2 Be7 9. c4 O-O 10. cxd5 exd5 11. Ne5 Re8 12. Rc1 Nf8 13. Nd3 {[%emt 0:15:33] White is slightly better.} Ne6 14. dxc5 bxc5 15. Bxf6 Bxf6 16. Nxc5 Nxc5 17. Rxc5 Qe7 18. Rxd5 Bxd5 19. Bxd5 Rad8 20. e4 Qb4 {[%emt 0:04:16] The position is equal.} 21. Qc2 Qc3 22. Rc1 Rc8 23. Nc4 Qxc2 24. Rxc2 {[%emt 0:00:02][%cal Od5f7] [#] Bxf7+! would now be deadly.} Kf8 25. Kg2 Rc7 26. f4 Rd8 27. Rd2 a5 28. a4 (28. Nxa5 $2 {too greedy.} Bc3 29. Nc6 Rxc6 $19) 28... h5 29. h3 (29. Nxa5 $2 {perishes.} Bc3 30. Nb7 Rxb7 $19) 29... Rc5 30. Kf3 g6 31. Rd3 Kg7 32. Ke2 Be7 33. Rf3 f5 34. Re3 Bf6 35. Kf3 fxe4+ 36. Bxe4 Rd1 37. Ke2 Rd4 38. g4 hxg4 39. hxg4 g5 40. f5 {[%emt 0:01:18] Weighted Error Value: White=0.03 (flawless) /Black=0.04 (flawless) .  Inaccurate:     	---       	Black=1      OK:         	White=11    	Black=15     Best:        	White=2     	---} 1/2-1/2

[Event "German Bundesliga 2023-24"]
[Site "Germany"]
[Date "2024.03.16"]
[Round "12.14"]
[White "Zysk, Robert"]
[Black "Hausrath, Daniel"]
[Result "1/2-1/2"]
[ECO "D56"]
[WhiteElo "2388"]
[BlackElo "2462"]
[Annotator "TA"]
[PlyCount "44"]
[EventDate "2023.10.20"]
[EventType "team-tourn"]
[EventCountry "GER"]
[SourceTitle "playchess.com"]
[Source "ChessBase"]
[SourceQuality "1"]
[TimeControl "40/6000+30:3000+30"]

1. d4 d5 2. c4 e6 3. Nc3 Be7 4. Nf3 Nf6 5. Bg5 O-O 6. e3 h6 7. Bh4 Ne4 8. Bxe7 Qxe7 9. Qc2 Nxc3 10. Qxc3 c6 11. Bd3 dxc4 12. Bxc4 Nd7 13. O-O b6 14. Rac1 {[%emt 0:21:45] The position is equal.} Bb7 15. Be2 a5 16. Rfd1 Rfd8 17. a3 c5 18. h3 Rac8 19. dxc5 Rxc5 20. Qe1 Rxc1 21. Rxc1 Nc5 22. Qc3 a4 {[%emt 0:14:08] An uneventful encounter.   Weighted Error Value: White=0.01 (flawless) /Black=0.00 (flawless) .  OK:         	White=4     	Black=5} 1/2-1/2

[Event "German Bundesliga 2023-24"]
[Site "Germany"]
[Date "2024.03.16"]
[Round "12.14"]
[White "von Mettenheim, Johannes"]
[Black "Heimann, Andreas"]
[Result "1/2-1/2"]
[ECO "E11"]
[WhiteElo "2284"]
[BlackElo "2552"]
[Annotator "RC"]
[PlyCount "72"]
[EventDate "2023.10.20"]
[EventType "team-tourn"]
[EventCountry "GER"]
[SourceTitle "playchess.com"]
[Source "ChessBase"]
[SourceQuality "1"]
[TimeControl "40/6000+30:3000+30"]

1. d4 Nf6 2. c4 e6 3. Nf3 d5 4. g3 Bb4+ 5. Bd2 Be7 6. Bg2 O-O 7. O-O c6 8. Qb3 b6 9. Nc3 Ba6 10. cxd5 cxd5 11. Rfc1 Nc6 12. Qa4 Bb7 13. Bf4 a6 14. Ne5 b5 15. Nxc6 Bxc6 16. Qd1 Qb6 17. h3 Rac8 18. Be3 Qb7 19. Nb1 a5 20. Nd2 a4 21. Nf3 b4 22. Ne5 Bb5 23. Rxc8 Rxc8 24. Rc1 Rxc1 25. Bxc1 Ne4 26. e3 Qc8 27. Bf1 Bxf1 28. Kxf1 a3 29. Kg2 b3 30. Qxb3 Nxf2 31. Kxf2 Qxc1 32. bxa3 Bd6 33. Qb7 Qc2+ 34. Ke1 Qc1+ 35. Ke2 Qc2+ 36. Ke1 Qc1+ 1/2-1/2

[Event "German Bundesliga 2023-24"]
[Site "Germany"]
[Date "2024.03.16"]
[Round "12.15"]
[White "Ferreira, Jorge Viterbo"]
[Black "Fromm, Marius"]
[Result "0-1"]
[ECO "A20"]
[WhiteElo "2525"]
[BlackElo "2435"]
[Annotator "TA"]
[PlyCount "100"]
[EventDate "2023.10.20"]
[EventType "team-tourn"]
[EventCountry "GER"]
[SourceTitle "playchess.com"]
[Source "ChessBase"]
[SourceQuality "1"]
[TimeControl "40/6000+30:3000+30"]

1. c4 e5 2. g3 c6 3. d4 Bb4+ 4. Bd2 Bxd2+ 5. Qxd2 d6 6. Nc3 Nf6 7. Bg2 {[%emt 0:00:30] A20: English Opening: 1...e5.} Nbd7 8. e3 O-O 9. Nge2 Re8 10. Qc2 $146 ({Predecessor:} 10. O-O e4 11. f3 exf3 12. Rxf3 Nb6 13. b3 Bg4 14. Rf4 d5 15. cxd5 Bxe2 16. Qxe2 Nbxd5 17. Nxd5 Nxd5 {½-½ Puranik,A (2597)-Adhiban,B (2654) Moscow Aeroflot op-A 2020 (3)}) 10... Qe7 11. b3 e4 12. h3 Nf8 13. a4 Ng6 14. a5 Bd7 15. O-O h5 16. Nf4 Nxf4 17. exf4 Bf5 18. Kh2 d5 19. Nd1 Qd6 20. Ne3 Be6 21. Qc3 h4 22. Rfd1 g6 23. c5 Qc7 24. a6 b6 25. cxb6 Qxb6 26. Nc2 Rab8 27. b4 Kg7 28. Kg1 Qc7 29. Qe3 Nh5 30. f5 {[%emt 0:00:30] [#]} Bd7 $1 (30... Bxf5 31. g4 $14) 31. Ra3 (31. fxg6 $17 {was called for.} Kxg6 (31... fxg6 32. Ra3 $17) (31... hxg3 32. gxf7 gxf2+ 33. Qxf2 $17) 32. g4) 31... Rh8 (31... gxf5 $2 32. Qg5+ (32. gxh4 $2 f4 $19) 32... Kf8 33. Qxh4 $18 (33. Qxh5 Kg7 $18)) (31... Bxf5 32. g4 Bxg4 33. hxg4 $14) (31... hxg3 32. fxg3 Qd6 (32... gxf5 $2 33. Qg5+ Kf8 34. Qxh5 $18) (32... Bxf5 33. g4 $11) 33. Qg5 $17) 32. fxg6 {[%emt 0:00:30] [#]} (32. Qg5 $17) 32... f5 $1 $19 (32... Kxg6 33. f3 Bxh3 (33... Qxg3 34. fxe4 Rhe8 35. Qxg3+ Nxg3 36. exd5 $15) 34. fxe4 Bxg2 (34... Qxg3 $2 35. Qxg3+ Nxg3 36. Bxh3 $18) 35. Kxg2 $17) (32... fxg6 33. Qg5 $15) 33. Qg5 Nf6 (33... Qd6 $19 {White must now prevent ...Rbf8.} 34. g4 (34. Qxh4 $2 {is the wrong capture.} Kxg6 35. Kf1 Rbg8 $19) 34... Nf4 (34... Qxg6 $2 35. Qxg6+ Kxg6 36. gxh5+ $18)) 34. Rc1 (34. gxh4 $2 {too greedy.} Rh5 35. Qd2 f4 $19 (35... Rxh4 $2 36. Ne1 $19) (35... Kxg6 $2 36. Rg3+ Kf7 37. Rg5 $19)) 34... Rh5 35. Qd2 (35. Qf4 $17 Qxf4 36. gxf4) 35... Kxg6 36. Bf1 (36. Rc3 $17) 36... Rg5 (36... hxg3 $19 37. Rxg3+ Kf7) 37. Kh2 $2 (37. Bg2 $17) 37... Nh5 $19 38. Qe1 hxg3+ 39. fxg3 f4 40. g4 f3+ 41. Kg1 Bxg4 42. h4 Rf5 43. Qf2 Rg8 44. Ne3 Kh7 45. Kh1 Ng3+ 46. Kg1 Rh5 47. Qh2 Ne2+ 48. Bxe2 Bd7+ 49. Kh1 Qxh2+ 50. Kxh2 Rxh4# 0-1